Match 41117551
Unlisted

Match 41117551
End
Construct Weapon Support Center
Selects Heavy Weapons
M1919 Machine Gun Team
M1919 Machine Gun Team
M1919 Machine Gun Team
Mechanized Support Center
M3 Armored Personnel Carrier
Engineer Squad
Selects Assault Carriers
Designate Forward Repair Station
M3 Assault Carrier
Selects Exchangeable Parts
Mortar Pit
M3 Assault Carrier
Forward Retreat Point
M1919 Machine Gun Team
M3 Assault Carrier
Mortar Pit
Mortar Pit
Construct Tank Depot
Scout Squad
Improvised Armor
Selects M26 Pershing Heavy Tank
M26 Pershing Heavy Tank
M3 Assault Carrier
Selects M2HB .50cal Heavy Machine Gun
Rapid Repairs
Salvage Crew
M4(105) Sherman Bulldozer
Selects Rapid Reposition
M4A1 76mm Conversion
M4A1 Sherman Medium Tank
Selects Black Dragon Artillery Barrage
Engineer Squad
Black Dragon Artillery Barrage
Black Dragon Artillery Barrage
M4A1(76) Sherman Medium Tank
Black Dragon Artillery Barrage
tiestriker88
LeGrillePain
Two Scars
Big Steppa#Stomped
spiderdoguk
Blanco
0
0

Comments sign in to comment!

No comments posted yet!